 Dungeon Crawl Stone Soup version 0.24.0-13-gcf9b319 (webtiles) character file.

Game seed: 9520036854640805097, levelgen mode: deterministic

55604 Fang the Fighter (level 14, -1/144 HPs)
             Began as a Gargoyle Berserker on Nov 22, 2019.
             Was a High Priest of Trog.
             Slain by a dire elephant (15 damage)
             ... on level 6 of the Lair of Beasts.
             The game lasted 00:20:10 (18136 turns).

Fang the Fighter (Gargoyle Berserker)              Turns: 18136, Time: 00:20:10

Health: -1/144     AC: 35    Str: 30    XL:     14   Next: 78%
Magic:  14/14      EV: 13    Int:  9    God:    Trog [*****.]
Gold:   1723       SH:  0    Dex:  9    Spells: 13/13 levels left

rFire    . . .     SeeInvis +   y - +5 war axe (freeze)
rCold    . . .     Gourm    .   (no shield)
rNeg     + . .     Faith    .   b - +5 plate armour
rPois    ∞         Spirit   .   (no helmet)
rElec    +         Reflect  .   (no cloak)
rCorr    .         Harm     .   (no gloves)
MR       +....                  i - +2 pair of boots
Stlth    ..........             l - amulet of regeneration
HPRegen  0.74/turn              B - +1 ring of slaying
MPRegen  0.14/turn              C - ring of see invisible

@: berserking, flying, very quick
A: big wings, negative energy resistance 1, electricity resistance, unbreathing,
petrification resistance, rot immunity, AC +10
a: Stop Flying, Berserk, Trog's Hand, Brothers in Arms, Renounce Religion


You were on level 6 of the Lair of Beasts.
You worshipped Trog.
Trog was extremely pleased with you.
You were full.

You visited 4 branches of the dungeon, and saw 20 of its levels.
You also visited: Bailey.

You collected 1723 gold pieces.

Inventory:

Hand Weapons
 a - a +0 broad axe of chaos
 o - a +4 executioner's axe of freezing
 x - the +9 battleaxe of the End {chop, rElec rPois rF++}
   (You acquired it on level 2 of the Lair of Beasts)

   It inflicts extra damage upon your enemies.
   It greatly protects you from fire.
   It insulates you from electricity.
   It protects you from poison.
 y - a +5 war axe of freezing (weapon)
Armour
 b - a +5 plate armour (worn)
 i - a +2 pair of boots (worn)
Jewellery
 f - an uncursed amulet of the gourmand
 l - an amulet of regeneration (around neck)
 v - the ring of Duzxievu {MR+ EV+3}
   (You found it in a bailey)

   [ring of evasion]

   It affects your evasion (+3).
   It affects your resistance to hostile enchantments.
 A - the ring "Nufen" {MR+ Int+6}
   (You found it on level 5 of the Dungeon)

   [ring of protection from magic]

   It affects your intelligence (+6).
   It affects your resistance to hostile enchantments.
 B - a +1 ring of slaying (left hand)
 C - a ring of see invisible (right hand)
 F - an uncursed ring of resist corrosion
Wands
 t - a wand of disintegration (52)
 u - a wand of acid (8)
 I - a wand of iceblast (4)
 J - a wand of polymorph (10)
Scrolls
 d - 3 scrolls of fog
 g - 4 scrolls of teleportation
 m - 7 scrolls of remove curse
 D - a scroll of fear
 L - a scroll of identify
Potions
 e - a potion of magic
 h - 4 potions of lignification
 j - 6 potions of heal wounds
 k - a potion of cancellation
 n - 2 potions of might
 p - 4 potions of curing
 q - 4 potions of haste
 s - 3 potions of invisibility
 w - a potion of ambrosia
 z - 2 potions of berserk rage
 E - 5 potions of mutation
 G - 3 potions of resistance
 H - a potion of agility
Comestibles
 c - 39 rations


   Skills:
 + Level 14.0 Fighting
 + Level 12.0 Axes
 + Level 13.8 Armour
 + Level 11.0 Dodging


You had 13 spell levels left.
You didn't know any spells.
Your spell library was empty.

Dungeon Overview and Level Annotations

Branches:
Dungeon (12/15)            Temple (1/1) D:4            Lair (6/6) D:11
 Shoals (1/4) Lair:3       Spider (0/4) Lair:4          Orc (0/2) D:9
 Bailey (visited)
  Slime: Lair:5-6

Altars:
Cheibriados
Elyvilon
Hepliaklqana
Kikubaaqudgha
Xom

Shops:
D:9 [   D:10 (

Annotations:
D:5 4 runed translucent doors
D:6 1 runed translucent door, reptisaurus's ghost, novice OpVM
Lair:3 exclusion: oklob plant
Lair:5 exclusion: oklob plant


Innate Abilities, Weirdness & Mutations

You are resistant to torment.
Your stone body is resilient. (AC +10)
You are immune to poison.
Your large and strong wings let you fly indefinitely.
You resist negative energy. (rN+)
You are resistant to electric shocks. (rElec)
You can survive without breathing.
You are immune to petrification.
You are immune to rotting.


Message History

The dire elephant is moderately wounded.
The dire elephant tramples you but does no damage.
The dire elephant barely misses you.
You slash the dire elephant! You freeze the dire elephant.
The dire elephant is moderately wounded.
You hit the dire elephant. You freeze the dire elephant.
The dire elephant is heavily wounded.
The dire elephant tramples you!
* * * LOW HITPOINT WARNING * * *
You hold your ground!
The dire elephant barely misses you.
You slash the dire elephant! You freeze the dire elephant.
The dire elephant is heavily wounded.
The dire elephant tramples you but does no damage.
The dire elephant barely misses you.
You slash the dire elephant! You freeze the dire elephant.
The dire elephant is severely wounded.
You slash the dire elephant! You freeze the dire elephant.
The dire elephant is almost dead.
The dire elephant tramples you!
You die...

...#.....'.÷≈≈≈'...))#.....÷.....
.#.####P8#.≈≈≈≈'....[#.....#.P###
'#....####.≈≈≈≈#...!##.....####..
P####..(.#≈≈≈≈P#######)....#....#
.# ####.###≈.###...###..###.####
.##♣♣♣##...#####8.⌠.8#####...##♣♣
##♣....###.................###...
♣.......♣########'''########♣....
................@.......#........
................Y...#####....##..
#...............†.### ##....###.P
#.....#..P.#.#.....####...##.....
##...###.####......P##.....##....
.....#.##.###.P..................
.................................
.#####...........##.........##...
..#####.....##....##...^....#....


You could see a dire elephant.

Vanquished Creatures
  3 dire elephants (Lair:6)
  3 hydras
  A catoblepas (Lair:6)
  An anaconda (Lair:6)
  2 two-headed ogres
  Erica (D:8)
  6 death yaks
  Urug (Lair:3)
  2 unseen horrors
  A necromancer (Lair:4)
  A manticore (D:12)
  4 black mambas
  10 elephants (Lair:6)
  A merfolk siren (Lair:3)
  A torpor snail (Lair:4)
  19 spiny frogs
  2 gargoyles
  5 komodo dragons
  3 trolls
  2 polar bears (D:11)
  4 hornets
  Prince Ribbit (D:8)
  13 blink frogs
  4 slime creatures (D:12)
  11 hippogriffs
  A wraith (D:12)
  54 yaks
  A wyvern (D:12)
  2 basilisks
  A hungry ghost (D:10)
  10 water moccasins
  11 porcupines
  11 orc warriors
  An elephant zombie (Lair:4)
  2 black bears
  3 ice beasts
  A necrophage (D:7)
  2 sky beasts
  16 wolves
  2 ogres
  2 centaurs
  17 crocodiles
  17 bullfrogs
  2 komodo dragon zombies (Lair:4)
  A gnoll sergeant (D:9)
  3 scorpions (D:6)
  A wyvern skeleton (D:12)
  5 killer bees (D:12)
  3 wights (D:10)
  6 electric eels
  3 howler monkeys
  5 crimson imps
  A bullfrog skeleton (D:10)
  3 hounds
  8 orc priests
  4 jellies
  12 orc wizards
  A centaur skeleton (D:7)
  4 iguanas
  8 worker ants
  A killer bee zombie (D:8)
  2 hound skeletons
  A hound zombie (D:5)
  A worker ant zombie (D:9)
  9 gnolls
  A howler monkey skeleton (D:6)
  16 adders
  2 hound simulacra (D:11)
  2 shadow imps (D:5)
  4 white imps (D:11)
  3 ufetubi (D:11)
  An ooze (D:1)
  2 adder zombies (D:8)
  A worm (D:8)
  5 dart slugs
  7 leopard geckos
  49 orcs
  2 ball pythons
  10 giant cockroaches
  12 hobgoblins
  7 jackals (D:6)
  6 kobolds
  5 quokkas
  14 bats
  5 frilled lizards
  15 goblins
  5 rats
  4 fungi
  3 plants (Lair:6)
521 creatures vanquished.

Vanquished Creatures (collateral kills)
  3 hydras
  A cyclops (D:11)
  A black mamba (Lair:6)
  3 elephants (Lair:6)
  A hornet (D:11)
  A hippogriff (Lair:6)
  A wyvern (Lair:5)
  6 yaks
  A crocodile (Lair:6)
  An orc (D:11)
19 creatures vanquished.

Vanquished Creatures (others)
  A human (D:8)
  5 fungi
  31 plants
37 creatures vanquished.

Grand Total: 577 creatures vanquished

Notes
Turn   | Place    | Note
-------+----------+-------------------------------------------
     0 | D:1      | Fang the Gargoyle Berserker began the quest for the Orb.
     0 | D:1      | Reached XP level 1. HP: 14/14 MP: 1/1
    70 | D:1      | Reached XP level 2. HP: 18/19 MP: 2/2
   450 | D:1      | Reached XP level 3. HP: 23/23 MP: 3/3
   923 | D:2      | Reached XP level 4. HP: 29/29 MP: 4/4
   970 | D:2      | Reached ** piety under Trog
  1244 | D:2      | Reached skill level 4 in Fighting
  1338 | D:2      | Found a faded altar of an unknown god.
  1453 | D:2      | Found a shimmering altar of Xom.
  1499 | D:2      | Reached XP level 5. HP: 21/33 MP: 5/5
  2572 | D:3      | Reached XP level 6. HP: 39/39 MP: 6/6
  2644 | D:3      | Found a snail-covered altar of Cheibriados.
  2867 | D:4      | Found a staircase to the Ecumenical Temple.
  2891 | Temple   | Entered the Ecumenical Temple
  3215 | D:5      | Entered Level 5 of the Dungeon
  3498 | D:5      | Found a large runed translucent door.
  3499 | D:5      | Found a large runed translucent door.
  3520 | D:5      | Noticed an orc warrior
  3520 | D:5      | Noticed an orc warrior
  3531 | D:5      | Reached skill level 5 in Fighting
  3543 | D:5      | Found a large runed translucent door.
  3543 | D:5      | Found a large runed translucent door.
  3592 | D:5      | Reached XP level 7. HP: 44/44 MP: 7/7
  3651 | D:5      | Found a white marble altar of Elyvilon.
  4051 | D:5      | Got a serpentine golden ring
  4147 | D:5      | Noticed a troll
  4169 | D:5      | Killed a troll
  4169 | D:5      | Reached *** piety under Trog
  4169 | D:5      | Reached skill level 5 in Armour
  4880 | D:6      | Reached XP level 8. HP: 51/51 MP: 8/8
  4937 | D:6      | Noticed reptisaurus's ghost (novice OpVM)
  4941 | D:6      | Found a runed translucent door.
  4985 | D:6      | Reached skill level 6 in Fighting
  5047 | D:6      | Reached skill level 5 in Axes
  5644 | D:7      | Reached XP level 9. HP: 34/56 MP: 9/9
  5847 | D:7      | Reached skill level 7 in Fighting
  5866 | D:7      | Reached skill level 5 in Dodging
  5878 | D:7      | Reached **** piety under Trog
  6198 | D:7      | Found a hazy altar of Hepliaklqana.
  6760 | D:8      | Noticed Prince Ribbit
  6769 | D:8      | Killed Prince Ribbit
  6769 | D:8      | Reached ***** piety under Trog
  6788 | D:8      | Noticed Erica
  6832 | D:8      | Killed Erica
  6832 | D:8      | Reached skill level 8 in Fighting
  6832 | D:8      | Reached XP level 10. HP: 47/64 MP: 10/10
  7470 | D:8      | Found an ancient bone altar of Kikubaaqudgha.
  7483 | D:8      | Identified the ring "Nufen" {MR+ Int+6} (You found it on
                  | level 5 of the Dungeon)
  8177 | D:9      | Reached skill level 9 in Fighting
  8184 | D:9      | Found a staircase to the Orcish Mines.
  8197 | D:9      | Found Beok Zuv's Armour Shop.
  8368 | D:9      | Noticed a two-headed ogre
  8387 | D:9      | Killed a two-headed ogre
  8424 | D:9      | Noticed an unseen horror
  8443 | D:9      | Killed an unseen horror
  8443 | D:9      | Reached XP level 11. HP: 60/71 MP: 11/11
  8915 | D:10     | Entered Level 10 of the Dungeon
  8941 | D:10     | Identified the Guide on the Toxic Frostbite
  9020 | D:10     | Found Agayje's Antique Weapon Emporium.
  9259 | D:11     | Noticed a cyclops
  9259 | D:11     | Noticed a five-headed hydra
  9260 | D:11     | Noticed an unseen horror
  9265 | D:11     | Killed an unseen horror
  9305 | D:10     | Reached skill level 10 in Fighting
  9331 | D:11     | Killed a seven-headed hydra
  9334 | D:11     | Killed a cyclops
  9337 | D:11     | Reached skill level 10 in Armour
  9726 | D:11     | Found a staircase to the Lair.
  9791 | D:11     | Received a gift from Trog
  9873 | D:11     | Noticed a two-headed ogre
  9880 | D:11     | Killed a two-headed ogre
 10085 | D:12     | Reached XP level 12. HP: 47/79 MP: 12/12
 10319 | D:12     | Reached skill level 11 in Fighting
 10389 | D:12     | Found a flagged portal.
 10418 | Bailey   | Entered a bailey
 10651 | Bailey   | Got a glittering glass ring
 10743 | D:12     | Identified the ring of Duzxievu {MR+ EV+3} (You found it in
                  | a bailey)
 11455 | Lair:1   | Entered Level 1 of the Lair of Beasts
 11686 | Lair:1   | Noticed an eight-headed hydra
 11703 | Lair:1   | Killed a 17-headed hydra
 12386 | Lair:2   | Reached skill level 10 in Axes
 12720 | Lair:2   | Reached skill level 12 in Fighting
 12722 | Lair:2   | Reached XP level 13. HP: 67/86 MP: 13/13
 12755 | Lair:2   | Reached ****** piety under Trog
 13233 | Lair:2   | Identified a scroll of acquirement
 13236 | Lair:2   | Got a crystal battleaxe
 13237 | Lair:2   | Identified the +9 battleaxe of the End {chop, rElec rPois
                  | rF++} (You acquired it on level 2 of the Lair of Beasts)
 13473 | Lair:3   | Noticed Urug
 13478 | Lair:3   | Killed Urug
 13977 | Lair:3   | Received a gift from Trog
 13999 | Lair:3   | Found a staircase to the Shoals.
 14214 | Shoals:1 | Entered Level 1 of the Shoals
 14298 | Lair:4   | Found a hole to the Spider Nest.
 14777 | Lair:4   | Reached skill level 10 in Dodging
 15481 | Lair:5   | Reached skill level 13 in Fighting
 15891 | Lair:5   | Gained mutation: Your large and strong wings let you fly
                  | indefinitely. [Gargoyle growth]
 15891 | Lair:5   | Reached XP level 14. HP: 81/94 MP: 14/14
 16534 | Lair:6   | Entered Level 6 of the Lair of Beasts
 17896 | Lair:6   | Noticed a dire elephant
 17896 | Lair:6   | Noticed a dire elephant
 17911 | Lair:6   | Killed a dire elephant
 17912 | Lair:6   | Killed a dire elephant
 18107 | Lair:6   | Noticed a dire elephant
 18112 | Lair:6   | Noticed a dire elephant
 18124 | Lair:6   | Killed a dire elephant
 18124 | Lair:6   | Reached skill level 14 in Fighting
 18136 | Lair:6   | Slain by a dire elephant

Levels and vault maps discovered:
D:1:      lightli_iron_boxes, layout_basic
D:2:      layout_basic, brannock_xom_greatest_gift,
          chequers_ecumenical_altar_twisty
D:3:      layout_loops_ring, kennysheep_slug_shrine
D:4:      layout_rooms, minmay_temple_entry_junction_2, first_ration,
          serial_curves, eino_curves_04, eino_curves_02
D:5:      layout_layer_cave, old_standard_altar, minmay_hollow_rounded_squares
D:6:      layout_loops_corners, hellmonk_ghost_happy_afterlife
D:7:      layout_cave_pools, kennysheep_mini_moat, minmay_chambers_of_fives
D:8:      layout_basic, hangedman_pestilent_swarm, tgw_kikubaaqudgha,
          uniq_erica, uniq_prince_ribbit1
D:9:      layout_long_grid, orc_david_3, minmay_mirror_moons_of_madness
D:10:     layout_gridville, serial_shops, shop
D:11:     layout_rooms, minmay_lair_entry_grove, serial_ice, serial_ice_i,
          serial_ice_g, serial_ice_e, serial_ice_b, serial_ice_d, serial_ice_c
D:12:     layout_basic, enter_bailey_3
Temple:   dpeg_five_rooms_temple
Lair:1:   layout_regular_city
Lair:2:   layout_long_grid, serial_bayou_crossing
Lair:3:   layout_regular_city, minmay_shoals_entry_lonely_mermaid, uniq_urug
Lair:4:   pond_and_an_island_with_a_cottage, layout_long_grid,
          spider_nest_entry_web_field
Lair:5:   layout_cave_pods, minmay_slime_entry_oklob_enclosed,
          infiniplex_staircase_pool, grunt_megastairs_5
Lair:6:   due_jungle_book, layout_misc_corridors, nicolae_lair_yak_garden,
          grunt_megastairs_3
Shoals:1: layout_shoals

Skill      XL: |  1  2  3  4  5  6  7  8  9 10 11 12 13 14 |
---------------+-------------------------------------------+-----
Axes           | 3 4 5 6 8 9 10 11 12 | 12.0
Dodging        | 2 3 4 6 7 8 9 10 11 | 11.0
Armour         | 3 4 5 6 8 9 10 11 13 | 13.8
Fighting       | 4 5 6 8 9 10 12 13 14 | 14.0

Action                   |  1- 3 |  4- 6 |  7- 9 | 10-12 | 13-15 || total
-------------------------+-------+-------+-------+-------+-------++-------
Melee: Hand axe          |   107 |   272 |   541 |    65 |       ||   985
       War axe           |       |       |       |   596 |   460 ||  1056
       Battleaxe         |       |       |       |       |    75 ||    75
Invok: Berserk           |       |     1 |     6 |     7 |     8 ||    22
       Trog's Hand       |       |       |     2 |     2 |     1 ||     5
       Brothers in Arms  |       |       |       |     1 |     2 ||     3
 Abil: Fly               |       |       |       |       |     1 ||     1
  Use: Scroll            |       |       |       |    27 |    11 ||    38
       Potion            |       |       |       |     1 |       ||     1
 Stab: Sleeping          |     1 |       |       |       |       ||     1
       Distracted        |       |     1 |       |       |       ||     1
       Held in net/web   |       |       |       |       |     1 ||     1
  Eat: Chunk             |       |    13 |    22 |    37 |    25 ||    97
       Ration            |       |       |       |     1 |       ||     1
Armor: Animal skin       |    56 |    99 |       |       |       ||   155
       Plate armour      |       |    74 |   506 |   885 |   500 ||  1965
Dodge: Dodged            |    86 |   190 |   264 |   694 |   339 ||  1573
